cohdb
Replays
Latest Replays
All Replays
Popular Replays
Top Player Replays
Match Explorer
How It Works
Community
CoH3 Stats
Reddit
Sign in to upload your games and track your stats! →
Sign in with Steam
Match 40841307
Unlisted
Match 40841307
Overview
Messages
Build Orders
End
Pioneer Squad
Construct Infanterie Kompanie
GrW 34 Mortar Team
Selects Luftwaffe Battlegroup
Selects Luftwaffe Pioneer Support
Grenadier Squad
Fallschirmpioneer Squad Paradrop
Selects Stuka Strafing Run
Stuka Strafing Run
Fallschirmpioneer Squad Paradrop
Construct Luftwaffe Kompanie
Medical Station
Selects Fallschirmjäger Squad Paradrop
Support Elements
Wirbelwind Flakpanzer
Jäger Squad
Selects LG40 Recoilless Gun Paradrop
(✺ω✺)chupacabra
General Rommel
Starsilver
cds700
カルト_くん
Tea Cup
돈이사라지는마술
bigsweeds1212
0
0
Comments
sign in to comment!
No comments posted yet!